[Event "Early-Titled-Tuesday-Blitz-January-16-2024"]
[Site "Chess.com"]
[Date "2024.01.16"]
[Round "3"]
[White "Giorno"]
[Black "Grandelicious"]
[Result "0-1"]
[WhiteElo "2527"]
[BlackElo "2937"]
[TimeControl "180+1"]
[EndTime "8:26:25 PST"]
[Termination "Grandelicious won by resignation"]

1. Nf3 d6 2. b3 e5 3. Bb2 e4 4. Nd4 c5 5. Nb5 d5 6. e3 Nc6 7. c4 d4 8. Be2 a6 9. N5a3 Qg5 10. Bf1 Nf6 11. h4 Qf5 12. exd4 cxd4 13. Qe2 d3 14. Qe3 Bc5 15. Qg3 Ng4 0-1

[Event "Early-Titled-Tuesday-Blitz-January-16-2024"]
[Site "Chess.com"]
[Date "2024.01.16"]
[Round "3"]
[White "yaguigor"]
[Black "NovakRatko"]
[Result "1-0"]
[WhiteElo "2651"]
[BlackElo "2315"]
[TimeControl "180+1"]
[EndTime "8:26:27 PST"]
[Termination "yaguigor won on time"]

1. e4 h6 2. d4 d5 3. exd5 Qd7 4. c4 Nf6 5. Nc3 c6 6. dxc6 Nxc6 7. d5 Ne5 8. Be2 e6 9. Nf3 Ng6 10. c5 Bxc5 11. Bb5 Ng4 12. O-O O-O 13. Bxd7 Bxd7 14. h3 Nxf2 15. Rxf2 Rfd8 16. Nd4 1-0

[Event "Early-Titled-Tuesday-Blitz-January-16-2024"]
[Site "Chess.com"]
[Date "2024.01.16"]
[Round "3"]
[White "spotbet"]
[Black "HajiyevKanan"]
[Result "0-1"]
[WhiteElo "2260"]
[BlackElo "2566"]
[TimeControl "180+1"]
[EndTime "8:26:33 PST"]
[Termination "HajiyevKanan won by resignation"]

1. e4 c6 2. d4 d5 3. e5 a6 4. Nf3 Bg4 5. Be2 e6 6. h3 Bxf3 7. Bxf3 c5 8. O-O cxd4 9. Nd2 Nc6 10. Re1 Bb4 11. a3 Ba5 12. b4 Bc7 13. Bb2 Bxe5 14. Nb3 Nf6 15. Nxd4 Bxd4 16. Bxd4 Nxd4 17.
Qxd4 O-O 18. c4 dxc4 19. Qxd8 Rfxd8 20. Bxb7 Ra7 21. Bf3 Kf8 22. a4 Nd5 23. b5 axb5 24. axb5 Rxa1 25. Rxa1 Rb8 26. Rb1 Ke7 27. Kf1 Kd6 28. Ke1 Kc5 29. Kd2 Rxb5 30. Ra1 c3+ 31. Kc1 Rb7 32. Ra5+ Kd4 33. Ra4+ Kd3 34. Be4+ Ke2 35. f4 Rc7 36. f5 Ne3 37. fxe6 fxe6 38. Bxh7 Nxg2 39. Re4+ Ne3 40. Bg6 Ra7 41. Bh5+ Kf2 42.
Rf4+ Ke1 43. Kb1 c2+ 44. Kb2 Rb7+ 0-1

[Event "Early-Titled-Tuesday-Blitz-January-16-2024"]
[Site "Chess.com"]
[Date "2024.01.16"]
[Round "3"]
[White "AsterPhoenix"]
[Black "invisible_s0ul"]
[Result "1-0"]
[WhiteElo "2573"]
[BlackElo "2289"]
[TimeControl "180+1"]
[EndTime "8:26:34 PST"]
[Termination "AsterPhoenix won by resignation"]

1. e4 c5 2. b4 d6 3. bxc5 dxc5 4.
Nc3 Nc6 5. Bb5 Bd7 6. Nf3 e6 7. O-O Bd6 8. Bb2 Nge7 9. a4 O-O 10. Re1 a6 11. Bf1 Ne5 12. g3 N7g6 13. Bg2 Nxf3+ 14. Qxf3 Ne5 15. Qh5 Nc4 16. Bc1 b5 17. axb5 axb5 18.
Rxa8 Qxa8 19. e5 Qb8 20. exd6 Qxd6 21. Ne4 Qa6 22. Nxc5 Rc8 1-0

[Event "Early-Titled-Tuesday-Blitz-January-16-2024"]
[Site "Chess.com"]
[Date "2024.01.16"]
[Round "3"]
[White "GMRAVEN_ON_YOUTUBE"]
[Black "Payyappat"]
[Result "1-0"]
[WhiteElo "2826"]
[BlackElo "2454"]
[TimeControl "180+1"]
[EndTime "8:26:35 PST"]
[Termination "GMRAVEN_ON_YOUTUBE won by resignation"]

1. f4 d5 2. Nf3 Nc6 3. e3 Bg4 4. Bb5 Nf6 5. Bxc6+ bxc6 6. h3 Bxf3 7. Qxf3 e6 8. b3 c5 9. O-O Be7 10. d3 O-O 11.
Bb2 d4 12. e4 Nd7 13. a4 f5 14. Nd2 Qe8 15. Rae1 Bh4 16. g3 Qg6 17. Kh2 Bf6 18.
e5 Be7 19. Qc6 Nb6 20. Nc4 Nd5 21. Ba3 Qe8 22. Qxe6+ Qf7 23. Qc6 g5 24. e6 1-0

[Event "Early-Titled-Tuesday-Blitz-January-16-2024"]
[Site "Chess.com"]
[Date "2024.01.16"]
[Round "3"]
[White "wonderfultime"]
[Black "marina1994"]
[Result "1-0"]
[WhiteElo "2985"]
[BlackElo "2538"]
[TimeControl "180+1"]
[EndTime "8:26:37 PST"]
[Termination "wonderfultime won by resignation"]

1. d4 Nf6 2. Nf3 e6 3. Bf4 b6 4. e3 Bb7 5. c4 Bb4+ 6. Nfd2 O-O 7. a3 Be7 8. Nc3 d5 9. Be2 c5 10. Nf3 Nc6 11. cxd5 Nxd5 12. Nxd5 Qxd5 13. dxc5 Qxd1+ 14. Rxd1 Bxc5 15. Rd7 e5 16. Bg3 Rab8 17. Nxe5 Nxe5 18. Bxe5 Bc6 19. Rxa7 Rbe8 20. Bc3 Re6 21. O-O Be4 22. Rd1 Rb8 23. Bc4 1-0

[Event "Early-Titled-Tuesday-Blitz-January-16-2024"]
[Site "Chess.com"]
[Date "2024.01.16"]
[Round "3"]
[White "EsmeraldasAnderson03"]
[Black "JiiHart"]
[Result "1-0"]
[WhiteElo "2411"]
[BlackElo "2146"]
[TimeControl "180+1"]
[EndTime "8:26:37 PST"]
[Termination "EsmeraldasAnderson03 won by resignation"]

1. d4 Nf6 2. c4 e6 3. Nc3 Bb4 4. f3 d5 5. a3 Bxc3+ 6. bxc3 c5 7. cxd5 exd5 8. e3 O-O 9. Bd3 Re8 10. Ne2 b6 11. O-O Ba6 12. Bb1 Nbd7 13. Re1 Nf8 14. Ng3 g6 15. e4 cxd4 16. cxd4 dxe4 17. fxe4 Bb7 18. Bg5 Qd6 19. e5 Qd5 20. Re2 Ng4 21.
h3 Nxe5 22. Be4 Qd7 23. dxe5 Qxd1+ 24. Rxd1 Bxe4 25. Nxe4 Nd7 26. Rxd7 1-0

[Event "Early-Titled-Tuesday-Blitz-January-16-2024"]
[Site "Chess.com"]
[Date "2024.01.16"]
[Round "3"]
[White "vanyakuba"]
[Black "nickmatta"]
[Result "0-1"]
[WhiteElo "2302"]
[BlackElo "2580"]
[TimeControl "180+1"]
[EndTime "8:26:40 PST"]
[Termination "nickmatta won on time"]

1. e4 c5 2. c3 Nf6 3. e5 Nd5 4.
d4 cxd4 5. cxd4 Nc6 6. Nc3 Nxc3 7. bxc3 d6 8. f4 Bf5 9. d5 Nb8 10. Nf3 g6 11. Bb5+ Bd7 12. Bc4 Bg7 13. e6 fxe6 14. dxe6 Bc6 15. O-O Qb6+ 16. Kh1 Bxc3 17. Bd2 Bxa1 18.
Qxa1 Rf8 19. Ng5 Qc5 20. Nxh7 Rg8 21. Nf6+ Kd8 22. Nxg8 Qxc4 0-1

[Event "Early-Titled-Tuesday-Blitz-January-16-2024"]
[Site "Chess.com"]
[Date "2024.01.16"]
[Round "3"]
[White "adotand"]
[Black "cthulhuuu"]
[Result "1-0"]
[WhiteElo "2883"]
[BlackElo "2418"]
[TimeControl "180+1"]
[EndTime "8:26:42 PST"]
[Termination "adotand won on time"]

1. Nf3 Nf6 2. c4 g6 3. Nc3 Bg7 4. d4 O-O 5. Bf4 d6 6. e3 Nc6 7. h3 Nd7 8. Bh2 e5 9. Be2 f5 10. O-O Kh8 11. Rb1 f4 12. exf4 exf4 13. Nd5 g5 14. h4 g4 15. Ng5 f3 16. Qd3 Rf5 17.
Qxf5 Nf8 18. Qe4 fxe2 19. Nf7+ Kg8 20. Nxd8 exf1=Q+ 21.
Rxf1 Nxd8 22. Nxc7 Rb8 23. Bxd6 Nf7 24. Qd5 b6 25.
Nb5 Bb7 26. Qf5 a6 27. Bxb8 axb5 28. Qxb5 1-0

[Event "Early-Titled-Tuesday-Blitz-January-16-2024"]
[Site "Chess.com"]
[Date "2024.01.16"]
[Round "3"]
[White "kaanadayhamle"]
[Black "SaqoChess_Twitch"]
[Result "1-0"]
[WhiteElo "2404"]
[BlackElo "2592"]
[TimeControl "180+1"]
[EndTime "8:26:46 PST"]
[Termination "kaanadayhamle won by checkmate"]

1. Nf3 d5 2. d4 e6 3. g3 Nf6 4.
Bg2 Be7 5. O-O O-O 6. Bg5 h6 7. Bxf6 Bxf6 8. e3 b6 9. Nbd2 Bb7 10. c3 Nd7 11. Re1 c5 12. Qc2 Rc8 13. Rac1 Qe7 14.
Qb1 e5 15. dxe5 Nxe5 16. Nxe5 Bxe5 17. e4 d4 18. Nf3 dxc3 19. Nxe5 Qxe5 20. Rxc3 Rcd8 21.
Rd3 Rd4 22. Rxd4 Qxd4 23. Rd1 Qc4 24. b3 Qe6 25. Qd3 Re8 26. Qd7 Bxe4 27. Bxe4 Qxe4 28. Qxa7 Qf3 29. Rf1 Qc6 30. Qa6 Ra8 31. Qe2 b5 32. Rc1 Rc8 33. Qe3 c4 34. bxc4 bxc4 35. Qc3 Qa4 36.
a3 h5 37. h4 g6 38. Qb4 Qc6 39. Qc3 Kh7 40. Re1 Rd8 41. Rc1 Rd3 42. Qxd3 Qf6 43.
Qxc4 Qf3 44. Qc3 Qf5 45. a4 g5 46. Qc2 Qg6 47. Qxg6+ Kxg6 48. hxg5 Kf5 49. a5 Kg4 50. a6 f5 51. g6 f4 52. g7 f3 53. g8=Q+ Kh3 54. Qc8# 1-0

[Event "Early-Titled-Tuesday-Blitz-January-16-2024"]
[Site "Chess.com"]
[Date "2024.01.16"]
[Round "3"]
[White "vladgoncharov"]
[Black "dzilleruelo"]
[Result "1-0"]
[WhiteElo "2594"]
[BlackElo "2355"]
[TimeControl "180+1"]
[EndTime "8:26:48 PST"]
[Termination "vladgoncharov won by resignation"]

1. d4 Nf6 2. c4 g6 3. Nc3 d5 4. cxd5 Nxd5 5. e4 Nxc3 6. bxc3 Bg7 7. Bc4 c5 8. Ne2 O-O 9. O-O Nc6 10. Be3 Bg4 11.
f3 Bd7 12. dxc5 Ne5 13. Bd5 Bb5 14. Rb1 Qa5 15. Bxb7 Rad8 16. Bd4 Nxf3+ 17. Rxf3 e5 18. Bd5 Bxe2 19. Qxe2 exd4 20. c4 Qxc5 21. Kh1 Bh6 22.
Rb7 Kh8 23. Rbxf7 Rxf7 24. Rxf7 Rf8 25. Qf3 Qb4 26. Qf6+ 1-0

[Event "Early-Titled-Tuesday-Blitz-January-16-2024"]
[Site "Chess.com"]
[Date "2024.01.16"]
[Round "3"]
[White "TitarovVasiliYouTube"]
[Black "Konavets"]
[Result "0-1"]
[WhiteElo "2540"]
[BlackElo "3151"]
[TimeControl "180+1"]
[EndTime "8:26:56 PST"]
[Termination "Konavets won on time"]

1. e4 e5 2. Nf3 Nc6 3. Bb5 Nd4 4.
Nxd4 exd4 5. O-O Bc5 6. c3 Qh4 7. d3 c6 8. Ba4 d6 9. cxd4 Bxd4 10. Nc3 Nf6 11. Qf3 Bg4 12. Qg3 Qxg3 13. hxg3 Nd7 14. Bd1 h5 15. Be3 Bxe3 16. fxe3 Ne5 17. Bxg4 Nxg4 18.
Rae1 g6 19. d4 O-O 20. Rf4 Kg7 21. Kf1 Rae8 22. Ke2 a5 23. Kd3 Re7 24. a4 Nf6 25. Ref1 Nd7 26. g4 hxg4 27. Rxg4 Rh8 28. Rgf4 Rh2 29.
R1f2 Nf8 30. g4 Rh1 31. Rf1 Rh4 32. g5 Rh5 33. Rg4 Ne6 34. Rfg1 Re8 35. Ne2 Rh3 36.
R1g3 Reh8 0-1

[Event "Early-Titled-Tuesday-Blitz-January-16-2024"]
[Site "Chess.com"]
[Date "2024.01.16"]
[Round "3"]
[White "LionelMessiFCB"]
[Black "Arystanner"]
[Result "0-1"]
[WhiteElo "2505"]
[BlackElo "2800"]
[TimeControl "180+1"]
[EndTime "8:26:57 PST"]
[Termination "Arystanner won by resignation"]

1. e4 c5 2. Nf3 e6 3. g3 d5 4. exd5 exd5 5. d4 cxd4 6. Nxd4 Nc6 7. Bg2 Bc5 8. Nb3 Qe7+ 9. Qe2 Qxe2+ 10. Kxe2 Bb6 11.
Nc3 Bg4+ 12. f3 Be6 13. f4 Nf6 14. h3 O-O-O 15. Kd1 d4 16. Na4 d3 17. Nxb6+ axb6 18. c3 Nh5 19. g4 Ng3 20. Re1 h5 21. Re3 Ne2 22. f5 Bd5 23. Bxd5 Rxd5 24. Bd2 hxg4 25.
hxg4 Rh1+ 26. Be1 Ne5 27. Nd2 Nxg4 28. Rxe2 dxe2+ 29. Kxe2 Re5+ 30. Kf3 Nh2+ 31. Kf2 Ng4+ 32. Kg3 Rexe1 33. Rxe1 Rxe1 34. Kxg4 Re2 0-1

[Event "Early-Titled-Tuesday-Blitz-January-16-2024"]
[Site "Chess.com"]
[Date "2024.01.16"]
[Round "3"]
[White "AlexPapasimakopoulos"]
[Black "Alex_Terzi"]
[Result "1-0"]
[WhiteElo "2643"]
[BlackElo "2441"]
[TimeControl "180+1"]
[EndTime "8:26:59 PST"]
[Termination "AlexPapasimakopoulos won by checkmate"]

1. d4 d5 2. c4 e6 3. Nc3 Nf6 4. cxd5 exd5 5. Bg5 Nbd7 6. e3 Be7 7. Nf3 O-O 8. Bd3 h6 9. Bh4 c6 10. O-O Re8 11.
Qc2 b6 12. Rab1 a5 13. a3 Ba6 14. Bxa6 Rxa6 15. b4 axb4 16. axb4 Ra8 17. b5 c5 18.
dxc5 Bxc5 19. Nxd5 Qb8 20. Nxf6+ Nxf6 21. Bxf6 gxf6 22. Qf5 Qd6 23. Qg4+ Kh8 24. Qh5 Kg7 25. Nh4 Qf8 26. Rfd1 Rad8 27. g3 Re5 28. Nf5+ Kh7 29. Rxd8 Rxf5 30. Qxf5+ Kg7 31. Rxf8 Kxf8 32. Qxf6 Be7 33.
Qh8# 1-0

[Event "Early-Titled-Tuesday-Blitz-January-16-2024"]
[Site "Chess.com"]
[Date "2024.01.16"]
[Round "3"]
[White "toninhojit"]
[Black "RodokininEV"]
[Result "0-1"]
[WhiteElo "2424"]
[BlackElo "2616"]
[TimeControl "180+1"]
[EndTime "8:26:59 PST"]
[Termination "RodokininEV won by resignation"]

1. d4 Nf6 2. c4 e6 3. Nf3 b6 4. g3 Ba6 5. b3 Bb4+ 6. Bd2 Be7 7. Bg2 O-O 8. O-O c5 9. d5 exd5 10. Nh4 d6 11. Nc3 Nc6 12. Nf5 Re8 13. Nxe7+ Nxe7 14. Bg5 Ne4 15. Bxe7 Nxc3 16. Bxd8 Nxd1 17. Raxd1 Raxd8 18. Rxd5 Rxe2 19. Rfd1 Rxa2 20. h4 Kf8 21. Rxd6 Rxd6 22. Rxd6 Ke7 23. Rd5 Bc8 24. Rd3 Be6 25. Re3 h5 26. Bd5 Rb2 27. Kg2 a6 28. Kf3 b5 29. Bxe6 fxe6 30. cxb5 axb5 31. Rc3 Kd6 32. Rd3+ Kc6 33. Re3 Kd5 34. Rd3+ Ke5 35. Re3+ Kd4 36. Re4+ Kc3 37. Re5 Kb4 38. Re4+ Kxb3 39. Rxe6 c4 0-1

[Event "Early-Titled-Tuesday-Blitz-January-16-2024"]
[Site "Chess.com"]
[Date "2024.01.16"]
[Round "3"]
[White "margarita_2703"]
[Black "noblerone"]
[Result "0-1"]
[WhiteElo "2293"]
[BlackElo "2514"]
[TimeControl "180+1"]
[EndTime "8:26:59 PST"]
[Termination "noblerone won by resignation"]

1. e4 c5 2. Nf3 e6 3. c3 Nf6 4. e5 Nd5 5. d4 cxd4 6. Qxd4 Nc6 7. Qe4 f5 8. Qe2 b5 9. g3 a5 10. Bg2 Ba6 11. O-O Be7 12. Rd1 O-O 13. h4 f4 14.
Nbd2 fxg3 15. fxg3 Qb6+ 16. Kh2 h6 17. Ne4 Rf7 18. b3 Raf8 19. Bb2 Qe3 20. Qxe3 Nxe3 21. Nfd2 Nxd1 22. Rxd1 Nxe5 23. Rf1 Ng4+ 24. Kg1 Ne3 25.
Rxf7 Rxf7 26. Bc1 Nxg2 27. Kxg2 Bb7 28. Kg1 d5 29. Nf2 Bc5 0-1

[Event "Early-Titled-Tuesday-Blitz-January-16-2024"]
[Site "Chess.com"]
[Date "2024.01.16"]
[Round "3"]
[White "Onischuk_V"]
[Black "Logman74"]
[Result "1-0"]
[WhiteElo "2795"]
[BlackElo "2502"]
[TimeControl "180+1"]
[EndTime "8:27:01 PST"]
[Termination "Onischuk_V won by resignation"]

1. e4 c5 2. Nf3 d6 3. d4 cxd4 4. Nxd4 Nf6 5. Nc3 a6 6. a4 e6 7. g4 Be7 8. Bg2 Qc7 9. g5 Nfd7 10. f4 Nc6 11. Nde2 h6 12. h4 hxg5 13. hxg5 Rxh1+ 14. Bxh1 Nc5 15. Be3 Bd7 16. Qd2 Nb4 17. Bg2 Rc8 18. Kf2 Bc6 19. Rh1 Bf8 20. Nd4 e5 21. Nxc6 Qxc6 22. Rh8 exf4 23. Bxf4 Nxa4 24. Bxd6 Nxc3 25. Rxf8+ Kd7 26. Bh3+ 1-0

[Event "Early-Titled-Tuesday-Blitz-January-16-2024"]
[Site "Chess.com"]
[Date "2024.01.16"]
[Round "3"]
[White "NinoMaisuradze"]
[Black "betta2004"]
[Result "1/2-1/2"]
[WhiteElo "2293"]
[BlackElo "2563"]
[TimeControl "180+1"]
[EndTime "8:27:03 PST"]
[Termination "Game drawn by repetition"]

1. d4 g6 2. Nf3 Bg7 3. c3 c5 4.
e4 cxd4 5. cxd4 d5 6. e5 Nc6 7.
Nc3 Nh6 8. a3 Bg4 9. Bd3 O-O 10.
Be3 Nf5 11. Ne2 e6 12. O-O Qb6 13. Rb1 Rac8 14. h3 Bxf3 15. gxf3 Nh4 16. f4 f6 17.
b4 fxe5 18. dxe5 d4 19. Bd2 Ne7 20. f3 Nef5 21. Qb3 Qc6 22. Rbc1 Nxf3+ 23. Rxf3 Qxf3 24.
Qxe6+ Kh8 25. Rxc8 Qxd3 26. Rxf8+ Bxf8 27. Qf6+ Kg8 28.
Qe6+ Kg7 29. Qf6+ Kh6 30. Qg5+ Kg7 31. Qf6+ Kh6 32. Qg5+ Kg7 33. Qf6+ 1/2-1/2

[Event "Early-Titled-Tuesday-Blitz-January-16-2024"]
[Site "Chess.com"]
[Date "2024.01.16"]
[Round "3"]
[White "Gabrielian_Artur"]
[Black "Duhless"]
[Result "0-1"]
[WhiteElo "2798"]
[BlackElo "3153"]
[TimeControl "180+1"]
[EndTime "8:27:04 PST"]
[Termination "Duhless won by resignation"]

1. e4 e5 2. Nf3 Nc6 3. Nc3 Nf6 4. Bb5 Bc5 5. Bxc6 dxc6 6. d3 Qe7 7. Qe2 h6 8. h3 a5 9. Be3 Bxe3 10. fxe3 a4 11.
a3 c5 12. O-O Bd7 13. Nd5 Nxd5 14. exd5 e4 15. Nd2 exd3 16. cxd3 O-O 17. e4 c6 18.
dxc6 Bxc6 19. Rae1 Rad8 20. Rf3 Qe5 21. Nc4 Qd4+ 22. Kh2 b5 23. Na5 Ba8 24. Rc1 f5 25. Rxf5 Rxf5 26. exf5 Qf4+ 0-1

[Event "Early-Titled-Tuesday-Blitz-January-16-2024"]
[Site "Chess.com"]
[Date "2024.01.16"]
[Round "3"]
[White "Juicy_Fork"]
[Black "Mihajlovskij"]
[Result "0-1"]
[WhiteElo "2408"]
[BlackElo "2229"]
[TimeControl "180+1"]
[EndTime "8:27:05 PST"]
[Termination "Mihajlovskij won on time"]

1. e4 c6 2. d4 d5 3. f3 dxe4 4.
fxe4 Qb6 5. Nf3 Bg4 6. Bc4 e6 7. O-O Nf6 8. Nc3 Nbd7 9. h3 Bxf3 10. gxf3 e5 11. Be3 O-O-O 12. Qd2 exd4 13. Bxd4 Bc5 14.
Ne2 Ne5 15. c3 Nxc4 16. Qg5 Bxd4+ 17. Nxd4 Qc7 18. b3 Ne5 19. Rad1 h6 20. Qg3 Ng6 21. Qf2 Nf4 22. Qg3 Rxd4 0-1

[Event "Early-Titled-Tuesday-Blitz-January-16-2024"]
[Site "Chess.com"]
[Date "2024.01.16"]
[Round "3"]
[White "kai_nov"]
[Black "MatthewG-p4p"]
[Result "0-1"]
[WhiteElo "2330"]
[BlackElo "2912"]
[TimeControl "180+1"]
[EndTime "8:27:08 PST"]
[Termination "MatthewG-p4p won by resignation"]

1. d4 Nf6 2. c4 c5 3. d5 e6 4. Nc3 exd5 5. cxd5 d6 6. e4 g6 7. Nf3 a6 8. a4 Bg4 9. Bd3 Bg7 10. h3 Bxf3 11.
Qxf3 O-O 12. O-O Nbd7 13. a5 Re8 14. Bf4 Ne5 15. Bxe5 Rxe5 16. Qg3 Nh5 17. Qe3 b5 18. axb6 Qxb6 19. Na4 Qb4 20. Qe1 Qd4 21. Qc3 Nf4 22. Nb6 Rd8 23. Qxd4 cxd4 24. Bxa6 Rxe4 25. b4 d3 26. g3 Bxa1 27. Rxa1 d2 28. Bf1 Re1 0-1

[Event "Early-Titled-Tuesday-Blitz-January-16-2024"]
[Site "Chess.com"]
[Date "2024.01.16"]
[Round "3"]
[White "Buzhizhebuguai"]
[Black "GMJustin"]
[Result "1-0"]
[WhiteElo "2659"]
[BlackElo "2318"]
[TimeControl "180+1"]
[EndTime "8:27:11 PST"]
[Termination "Buzhizhebuguai won on time"]

1. Nf3 Nf6 2. g3 d6 3. d4 Nbd7 4. Bg2 e5 5. O-O Be7 6. b3 O-O 7. Bb2 e4 8. Nfd2 d5 9. e3 c6 10. c4 Re8 11. Ba3 Nf8 12. Bxe7 Qxe7 13. Nc3 h5 14. h4 Bg4 15. Qc2 Ne6 16. f3 exf3 17. Nxf3 g6 18. Ne5 Bf5 19. Rxf5 gxf5 20. cxd5 cxd5 21. Qxf5 Ng7 22. Qf4 Rad8 23. Rf1 Rd6 24.
Qg5 Ne4 25. Bxe4 dxe4 26. Nxe4 1-0

[Event "Early-Titled-Tuesday-Blitz-January-16-2024"]
[Site "Chess.com"]
[Date "2024.01.16"]
[Round "3"]
[White "elpatodice"]
[Black "agvega14"]
[Result "1-0"]
[WhiteElo "2406"]
[BlackElo "2139"]
[TimeControl "180+1"]
[EndTime "8:27:11 PST"]
[Termination "elpatodice won by resignation"]

1. e4 c5 2. Nf3 a6 3. g3 Nc6 4. Bg2 e6 5. O-O d6 6. c3 e5 7. d4 Qc7 8. d5 Nce7 9. a4 Rb8 10. a5 Bd7 11. Nbd2 h6 12. Re1 Nf6 13. Nc4 Nc8 14. Ncxe5 dxe5 15. Nxe5 Bd6 16. Nxd7 Nxd7 17. f4 O-O 18. e5 Nxe5 19. fxe5 Bxe5 20. Qg4 f5 21. Qg6 Kh8 22. Rxe5 Qxe5 23. Bf4 1-0

[Event "Early-Titled-Tuesday-Blitz-January-16-2024"]
[Site "Chess.com"]
[Date "2024.01.16"]
[Round "3"]
[White "vi_pranav"]
[Black "ErikRonka"]
[Result "1-0"]
[WhiteElo "3037"]
[BlackElo "2538"]
[TimeControl "180+1"]
[EndTime "8:27:15 PST"]
[Termination "vi_pranav won by resignation"]

1. e4 c5 2. Nf3 e6 3. b3 a6 4. Bb2 Nc6 5. d4 cxd4 6. Nxd4 Qf6 7. Bc3 Qg6 8. Nd2 Nf6 9. Nxc6 bxc6 10. Qf3 d6 11. e5 Nd5 12. Bd3 Qh6 13. Bb2 Qf4 14. Qe2 Nb4 15. exd6 Nxd3+ 16. Qxd3 Qxd6 17. Qe2 c5 18. Nc4 Qc6 19. O-O-O f6 20. Qh5+ g6 21. Qh4 e5 22. Rhe1 Be7 23. f4 e4 24. Nd6+ 1-0

[Event "Early-Titled-Tuesday-Blitz-January-16-2024"]
[Site "Chess.com"]
[Date "2024.01.16"]
[Round "3"]
[White "Matrix3x3a"]
[Black "VeraVujovic"]
[Result "1-0"]
[WhiteElo "2437"]
[BlackElo "2211"]
[TimeControl "180+1"]
[EndTime "8:27:15 PST"]
[Termination "Matrix3x3a won by resignation"]

1. d4 d5 2. c4 dxc4 3. Nf3 Nf6 4. e3 e6 5. Bxc4 c5 6. e4 Nxe4 7. Qe2 Nf6 8. O-O Be7 9. Rd1 O-O 10. dxc5 Qc7 11. Nc3 a6 12. b4 Nbd7 13. g3 b6 14. Bf4 Qc6 15. Nd4 Qb7 16. c6 Qa7 17. cxd7 Bxd7 18.
a3 Rac8 19. Rac1 Rfd8 20. Bxa6 Ra8 21. Bb5 Qxa3 22. Bxd7 Rxd7 23. Nc6 Rxd1+ 24. Qxd1 Bxb4 25. Nb5 Qa4 26. Qxa4 Rxa4 27. Nxb4 h6 28. Nc6 Nd5 29. Be3 Ra2 30. Nc3 Nxc3 31. Rxc3 b5 32. Rb3 Rc2 33.
Nd4 1-0

[Event "Early-Titled-Tuesday-Blitz-January-16-2024"]
[Site "Chess.com"]
[Date "2024.01.16"]
[Round "3"]
[White "Yurasova_Daria"]
[Black "Makswolf200817"]
[Result "0-1"]
[WhiteElo "2461"]
[BlackElo "2662"]
[TimeControl "180+1"]
[EndTime "8:27:16 PST"]
[Termination "Makswolf200817 won by resignation"]

1. d4 Nf6 2. Bg5 c5 3. d5 Qb6 4. Nc3 Qxb2 5. Bd2 Qb6 6. e4 d6 7. a4 g6 8. f4 Bg7 9. Nf3 O-O 10. Bc4 a6 11. O-O Bg4 12. Rb1 Qc7 13. h3 Bxf3 14.
Qxf3 Nbd7 15. Qe3 Nb6 16. Be2 Nfxd5 17. Qg3 Nxc3 18. Bxc3 Bxc3 19. Qxc3 Nxa4 20. Qg3 c4 21. f5 b5 22. h4 Nc5 23. Qg4 Nd7 24. h5 Ne5 25. Qg3 Kg7 26. Rf4 Qc5+ 27. Kh1 a5 28.
Rbf1 a4 29. Qg5 f6 30. Qg3 g5 31. Rh4 h6 0-1

[Event "Early-Titled-Tuesday-Blitz-January-16-2024"]
[Site "Chess.com"]
[Date "2024.01.16"]
[Round "3"]
[White "FranciscodelaF"]
[Black "Langua_Chess"]
[Result "0-1"]
[WhiteElo "2225"]
[BlackElo "2472"]
[TimeControl "180+1"]
[EndTime "8:27:18 PST"]
[Termination "Langua_Chess won by resignation"]

1. d4 Nf6 2. Nf3 d5 3. Bf4 c5 4.
e3 Nc6 5. c3 Bf5 6. Qa4 Nd7 7.
Ba6 Nb6 8. Qb5 Qd7 9. dxc5 bxa6 10. Qxa6 Nc4 11. b3 e5 12. Bg3 Nb2 13. Bxe5 Nd3+ 14. Ke2 Ndxe5 15. Nxe5 Nxe5 16. Nd2 Bd3+ 0-1

[Event "Early-Titled-Tuesday-Blitz-January-16-2024"]
[Site "Chess.com"]
[Date "2024.01.16"]
[Round "3"]
[White "sofaceindisguise"]
[Black "tigurones"]
[Result "1-0"]
[WhiteElo "2664"]
[BlackElo "2357"]
[TimeControl "180+1"]
[EndTime "8:27:21 PST"]
[Termination "sofaceindisguise won by resignation"]

1. e4 c5 2. Nf3 Nc6 3. Bb5 g6 4. Bxc6 dxc6 5. h3 Bg7 6. O-O Nf6 7.
d3 Nd7 8. Nc3 Nf8 9. Be3 b6 10.
Qd2 h6 11. Rae1 e5 12. Nh2 Ne6 13. a3 Ba6 14. b3 Qe7 15. a4 Rd8 16. Qc1 Nd4 17. f4 Nxc2 18. Qxc2 Bxd3 19. Qc1 Bxf1 20. Rxf1 exf4 21. Bxf4 O-O 22. Bxh6 Rd3 23. Bxg7 Kxg7 24. Ng4 Rh8 25. e5 Qd7 26. Ne2 Rd2 27. Qe1 Rd8 28. Qf2 Qf5 29. Qh4 Qh5 30. Qf6+ Kg8 31. Qxf7+ Kh8 32.
Nf4 Qh7 33. Nxg6+ 1-0

[Event "Early-Titled-Tuesday-Blitz-January-16-2024"]
[Site "Chess.com"]
[Date "2024.01.16"]
[Round "3"]
[White "Predator0608"]
[Black "quvnoq_muxlis"]
[Result "0-1"]
[WhiteElo "2467"]
[BlackElo "2674"]
[TimeControl "180+1"]
[EndTime "8:27:22 PST"]
[Termination "quvnoq_muxlis won by resignation"]

1. f4 d5 2. Nf3 Nf6 3. g3 c5 4.
Bg2 Nc6 5. O-O Bg4 6. d3 e6 7. Qe1 h6 8. e4 Be7 9. h3 Bxf3 10.
Bxf3 O-O 11. g4 Nd4 12. Qf2 Nxf3+ 13. Qxf3 dxe4 14. dxe4 Qd4+ 15. Be3 Qxe4 16. Qf2 Nd5 17. Bc1 c4 18. Re1 Qg6 19. Nc3 Nxc3 20. bxc3 Bf6 21.
Re3 Rfd8 22. Ba3 Rd5 23. Bb4 Rad8 24. Rae1 Rd2 25. R1e2 Qxc2 26. h4 Rxe2 27. Rxe2 Qd1+ 28. Re1 Qxg4+ 0-1

[Event "Early-Titled-Tuesday-Blitz-January-16-2024"]
[Site "Chess.com"]
[Date "2024.01.16"]
[Round "3"]
[White "dasatcu90"]
[Black "aistrel"]
[Result "1-0"]
[WhiteElo "2332"]
[BlackElo "2552"]
[TimeControl "180+1"]
[EndTime "8:27:25 PST"]
[Termination "dasatcu90 won by resignation"]

1. d4 Nf6 2. Nf3 g6 3. c4 Bg7 4. Nc3 O-O 5. Bg5 d6 6. e3 c6 7. Be2 a6 8. a4 a5 9. O-O Na6 10.
h3 Nb4 11. Re1 Bf5 12. Nd2 Nc2 13. e4 Nxe1 14. exf5 Nxg2 15. Kxg2 gxf5 16. Nf3 Ne4 17. Nxe4 fxe4 18. Nh4 h6 19. Be3 e6 20. Kg3 c5 21.
Qd2 f5 22. Bxh6 cxd4 23. Bxg7 f4+ 24. Kh2 Kxg7 25. Qxd4+ e5 26. Rg1+ Kh6 27. Rg6+ Kh7 28. Qxe4 Qxh4 29. Rg4+ 1-0

[Event "Early-Titled-Tuesday-Blitz-January-16-2024"]
[Site "Chess.com"]
[Date "2024.01.16"]
[Round "3"]
[White "chito89"]
[Black "publicaccountcze"]
[Result "1-0"]
[WhiteElo "2925"]
[BlackElo "2331"]
[TimeControl "180+1"]
[EndTime "8:27:25 PST"]
[Termination "chito89 won on time"]

1. d4 Nf6 2. c4 g6 3. Nc3 d5 4.
Bd2 Bg7 5. cxd5 Nxd5 6. e4 Nxc3 7. Bxc3 b6 8. Rc1 Bb7 9. Bb5+ Nd7 10. d5 O-O 11. Nf3 Nf6 12. Qe2 a6 13. Bd3 c6 14.
dxc6 Bxc6 15. O-O Rc8 16. Bxa6 Rc7 17. Be5 Nxe4 18. Bxc7 Qxc7 19. Qxe4 Bxe4 20. Rxc7 Ra8 21. Bc4 e6 22. Rd1 Ra4 23. Rd8+ Bf8 24. Bb3 Bxf3 25.
Bxa4 1-0